AoeStats
← darador86

Arena

507182761Analyzed
4v4 RM · 17d ago on Sep 17, 2026· 20m 41s· 8 players
Game mode
Random Map
Map size
Large (8 player)
Population
200
Speed
Normal
Resources
Standard
Victory
Conquest
Starting age
Dark Age
Ending age
Imperial Age
RankedLock teamsTeams togetherTeam positionsShared explorationLock speedFull tech treeHidden civsTurbo modeCheats
Victory
Defeat
🇦🇷 Franks · Argentina
810
+12
🇦🇷 Britons · Argentina
778
+13
🇦🇷 Bohemians · Argentina
771
+14
🇦🇷 Cumans · Argentina
689
+17
742
-15
🇺🇸 Khmer · United States
737
-15
🇧🇷 Byzantines · Brazil
720
-14
🇦🇷 Huns · Argentina
665
-12
Tayssa09
12:30 Feudal Age
13:55 Double-Bit Axe
18:53 Castle Age
darador86
14:12 Feudal Age
14:52 Horse Collar
14:59 Double-Bit Axe
15:06 Gold Mining
15:07 Stone Mining
21:42 Castle Age
Watermelon Sugar Vapeeee
10:23 Feudal Age
17:35 Castle Age
17:01 Man-at-Arms
19:16 Long Swordsman
20:16 Forging
20:26 Pikeman
Daddyroids
12:19 Feudal Age
13:10 Horse Collar
13:21 Double-Bit Axe
16:52 Castle Age
ElPapucho
7:41 Loom
9:46 Feudal Age
15:25 Fletching
17:48 Double-Bit Axe
m4r7in4k7826
11:05 Feudal Age
11:42 Double-Bit Axe
12:32 Scale Barding Armor
12:38 Forging
MARADONA
13:11 Feudal Age
15:34 Horse Collar
16:16 Double-Bit Axe
18:39 Wheelbarrow
18:02 Loom
Bobarisha
10:09 Feudal Age
16:36 Castle Age
14:49 Double-Bit Axe
16:26 Gold Mining
18:17 Bow Saw
19:02 Stone Mining
20:23 Loom
Connection lost

Rejoining the realm…

Still unreachable

The connection could not be restored.

Session expired

The server has moved on; the page needs a fresh start.